 Dungeon Crawl Stone Soup version 0.28-a0-43-g560ac104fe (webtiles) character file.

Game seed: 18037116768700749876

42249 KennyOmg the Cleaver (level 13, -13/123 HPs)
             Began as a Minotaur Berserker on July 28, 2021.
             Was an Elder of Trog.
             Mangled by a freezing wraith (17 damage)
             ... led by a death knight
             ... on level 15 of the Dungeon.
             The game lasted 00:26:57 (23247 turns).

KennyOmg the Cleaver (Minotaur Berserker)          Turns: 23247, Time: 00:26:58

Health: -13/123    AC: 16    Str: 24    XL:     13   Next: 84%
Magic:  4/4        EV:  6    Int: 22    God:    Trog [****..]
Gold:   1078       SH: 20    Dex: 12    Spells: 12/12 levels left

rFire   + . .      SeeInvis .   a - +9 hand axe of the Ninety-Nine Stars {antimagic, Will++ Int+10 Dex-4}
rCold   . . .      Faith    .   I - +2 tower shield
rNeg    + . .      Spirit   .   F - +0 chain mail {rF+}
rPois   .          Reflect  .   (helmet restricted)
rElec   .          Harm     .   l - +0 cloak
rCorr   .          Rampage  .   c - +0 pair of gloves
Will    ++++.                   (no boots)
Stlth   ..........              j - amulet of the acrobat
HPRegen 1.30/turn               E - ring of Lejaes {rN+ Dex+5}
MPRegen 0.09/turn               k - +6 ring of intelligence

@: strong-willed, regenerating, slowed, very slow
A: horns 2, retaliatory headbutt
a: Renounce Religion, Berserk, Trog's Hand, Brothers in Arms


You were on level 15 of the Dungeon.
You worshipped Trog.
Trog was greatly pleased with you.
You visited 1 branch of the dungeon, and saw 15 of its levels.
You also visited: Ossuary.

You collected 1078 gold pieces.

Inventory:

Hand Weapons
 a - the +9 hand axe of the Ninety-Nine Stars (weapon) {antimagic, Will++ Int+10 Dex-4}
   (You found it on level 10 of the Dungeon)

   It reduces the magical energy of the wielder, and disrupts the spells and
   magical abilities of those it strikes.
   Natural abilities and divine invocations are not affected.
   Int:       It affects your intelligence (+10).
   Dex:       It affects your dexterity (-4).
   Will:      It greatly increases your willpower.
 b - a +7 morningstar
   (You took it off a wight on level 8 of the Dungeon)
 r - a +0 whip of venom
   (You took it off a gnoll on level 3 of the Dungeon)
 s - a +0 war axe
   (You took it off an orc on level 3 of the Dungeon)
 C - a +1 whip of freezing
   (You took it off Pikel on level 5 of the Dungeon)
Missiles
 q - 6 throwing nets (quivered) {!f}
 J - 5 javelins
Armour
 c - a +0 pair of gloves (worn)
   (You found it on level 1 of the Dungeon)
 l - a +0 cloak (worn)
   (You took it off Crazy Yiuf on level 2 of the Dungeon)
 F - a +0 chain mail of fire resistance (worn)
   (You took it off an orc on level 4 of the Dungeon)
 I - a +2 tower shield (worn)
   (You found it in an ossuary)
Jewellery
 j - an amulet of the acrobat (around neck)
   (You found it on level 2 of the Dungeon)
 k - a +6 ring of intelligence (right hand)
   (You found it on level 10 of the Dungeon)
 E - the ring of Lejaes (left hand) {rN+ Dex+5}
   (You found it on level 6 of the Dungeon)

   [ring of positive energy]

   Dex:       It affects your dexterity (+5).
   rN:        It protects you from negative energy.
Wands
 d - a wand of iceblast (10)
   (You found it on level 12 of the Dungeon)
 p - a wand of polymorph (22)
   (You took it off Grinder on level 3 of the Dungeon)
 t - a wand of flame (8)
   (You found it on level 2 of the Dungeon)
 u - a wand of paralysis (14)
   (You found it on level 11 of the Dungeon)
 v - a wand of digging (11)
   (You found it on level 6 of the Dungeon)
 x - a wand of acid (9)
   (You found it on level 14 of the Dungeon)
Scrolls
 g - a scroll of amnesia
 h - a scroll of noise {!r}
 y - 2 scrolls of torment {unknown}
 A - a scroll of teleportation {@r4}
 B - 6 scrolls of identify {@r1}
 D - a scroll of magic mapping {unknown}
Potions
 e - 3 potions of brilliance
 f - 4 potions of berserk rage
 i - 2 potions of haste {unknown}
 m - 3 potions of attraction {!q}
 n - 3 potions of flight
 o - a potion of heal wounds {@q2}
 w - 4 potions of lignification {!q}
 z - a potion of degeneration {unknown}
 G - a potion of ambrosia
 H - 2 potions of cancellation
 K - 6 potions of curing {@q1}
 L - a potion of magic
 M - 2 potions of might {unknown}


   Skills:
 + Level 13.6 Fighting
 * Level 13.9(15.8) Axes
 - Level 13.0(15.3) Maces & Flails
 + Level 13.4 Armour
 - Level 2.1 Dodging
 + Level 10.4 Shields


You had 12 spell levels left.
You didn't know any spells.
Your spell library was empty.

Dungeon Overview and Level Annotations

Branches:
Dungeon (15/15)            Temple (0/1) D:7            Lair (0/6) D:10
    Orc (0/2) D:12         Vaults (0/5) D:13         Depths (0/5) D:15
Ossuary (visited)

Altars:
Elyvilon
Kikubaaqudgha
Nemelex Xobeh
Okawaru
Zin

Shops:
D:13 :

Annotations:
D:13 2 transporters, kuniqs's ghost, journeyman DsBe


Innate Abilities, Weirdness & Mutations

You have a pair of horns on your head.
You reflexively headbutt those who attack you in melee.


Message History

The death knight mumbles some strange prayers to Yredelemnul against you.
You resist with almost no effort.
Your two-headed ogre hits the death knight with a +0 giant spiked club!!
Your two-headed ogre suffers a backlash!
Your two-headed ogre misses the death knight.
The death knight's dark mirror aura disappears.
Your two-headed ogre closely misses the death knight.
Your two-headed ogre misses the death knight.
You block the death knight's attack.
Your two-headed ogre hits the death knight with a +0 giant spiked club!
Your two-headed ogre barely misses the death knight.
The freezing wraith hits your two-headed ogre!
The freezing wraith freezes your two-headed ogre!
The freezing wraith hits your two-headed ogre.
The freezing wraith drains your two-headed ogre's vigour!
Your two-headed ogre seems to slow down.
You slash the death knight!
The death knight hits you with a +2 halberd.
* * * LOW HITPOINT WARNING * * *
You slash the death knight! Your headbutt misses the death knight.
Your two-headed ogre hits the death knight with a +0 giant spiked club!!
The death knight dies!
Trog accepts your kill.
Your shield and chain mail prevent you from hitting the freezing wraith.
You headbutt the freezing wraith.
You block the freezing wraith's attack. x2
Your two-headed ogre closely misses the freezing wraith.
Your two-headed ogre hits the freezing wraith with a +0 giant spiked club!
The freezing wraith hits your two-headed ogre.
The freezing wraith freezes your two-headed ogre!!
The freezing wraith hits your two-headed ogre but does no damage.
You hit the freezing wraith. The freezing wraith hits you.
* * * LOW HITPOINT WARNING * * *
The freezing wraith freezes you!
* * * LOW HITPOINT WARNING * * *
The freezing wraith hits you.
* * * LOW HITPOINT WARNING * * *
The freezing wraith drains your vigour!
You feel yourself slow down.
Your two-headed ogre hits the freezing wraith with a +0 giant spiked club!
Your two-headed ogre barely misses the freezing wraith.
The freezing wraith hits your two-headed ogre!
Your two-headed ogre dies!
Your two-headed ogre's corpse disappears in a puff of smoke!
You block the freezing wraith's attack.
The freezing wraith hits you but does no damage.
Your ogre goes berserk!
The freezing wraith hits you!
* * * LOW HITPOINT WARNING * * *
The freezing wraith freezes you!
You die...

#.....# #....#.#####.#....#
#.....# #....#.≈...≈.#....#
#...Wp# #....#.≈...≈.#....#
#.....+ #....#.≈)≈.≈.#....#
#.....#####....#.#.#.#.#....#
####..W...W§...#≈..#..≈#....##
#.######)O..#≈≈...≈≈#...... #.
#WW..####'####...... #.
#..@................ #.
#(.................. #.
#................... #.
......................
....########.......... ####.
#.......... #. #....)..... #.
#.......... #.###'###..


You could see 3 freezing wraiths and a friendly ogre (summoned, berserk).

Vanquished Creatures
  Agnes (D:14)
  A stone giant (D:15)
  Josephine (D:11)
  A boulder beetle (D:12)
  A rakshasa (D:14)
  Harold (D:11)
  2 hydras (D:13)
  Erolcha (D:9)
  A two-headed ogre (D:8)
  3 tengu warriors
  2 dancing weapons
  A centaur warrior (D:13)
  A wizard (D:14)
  Pikel (D:5)
  A harpy (shapeshifter) (D:14)
  2 deep elf pyromancers
  10 ugly things
  2 manticores
  7 cyclopes
  Joseph (D:8)
  2 gargoyles (D:13)
  Maggie (D:9)
  An unseen horror (D:12)
  An efreet (D:15)
  A yaktaur (shapeshifter) (D:14)
  4 trolls
  Prince Ribbit (D:7)
  4 slime creatures (D:12)
  Grinder (D:3)
  A meliai zombie (D:10)
  A wyvern (D:10)
  2 shadows
  Sigmund (D:6)
  2 vampires
  6 wraiths
  Eustachio (D:5)
  26 yaks
  3 steam dragons
  A human (shapeshifter) (D:13)
  2 basilisks
  Menkaure (D:5)
  Grum (D:11)
  12 vampire mosquitoes
  3 acid dragons
  2 water moccasins
  4 orc warriors
  2 sky beasts (D:5)
  A necrophage (D:8)
  2 ice beasts
  2 ogres
  2 wolves (D:11)
  6 centaurs
  2 phantoms (D:5)
  Blork the orc (D:6)
  4 bullfrogs
  2 gnoll sergeants
  5 scorpions
  4 water moccasin zombies (Ossuary)
  2 wyvern skeletons (D:6)
  4 killer bees
  11 wights
  8 howler monkeys
  7 electric eels (D:10)
  5 centaur zombies
  A bullfrog zombie (D:7)
  5 hounds
  3 gnoll shamans
  4 orc priests
  Crazy Yiuf (D:2)
  4 jellies
  A bullfrog skeleton (D:5)
  Jessica (D:2)
  6 iguanas
  14 orc wizards
  A killer bee zombie (D:8)
  A howler monkey zombie (D:9)
  3 mummies
  18 gnolls
  9 adders
  2 white imps
  3 adder zombies (Ossuary)
  2 adder skeletons (D:4)
  5 worms
  5 dart slugs
  48 orcs
  6 endoplasms
  5 giant cockroaches
  A gnoll zombie (Ossuary)
  9 goblins
  7 hobgoblins
  6 jackals
  6 kobolds
  4 quokkas
  7 ball pythons
  4 bats
  5 frilled lizards
  6 hobgoblin zombies
  4 kobold zombies
  4 orc zombies (Ossuary)
  5 rats
  A rat zombie (D:5)
413 creatures vanquished.

Vanquished Creatures (collateral kills)
  The ghost of DasRunzen the Covert, a journeyman NaGl of Makhleb (D:11)
  A death knight (D:15)
  An elephant (shapeshifter) (D:8)
  A manticore (D:8)
  A troll (D:8)
  A hornet (D:8)
  A gnoll sergeant (D:11)
  A centaur zombie (D:8)
  5 gnolls (D:11)
13 creatures vanquished.

Vanquished Creatures (others)
  A killer bee (D:10)
  14 plants (D:10)
15 creatures vanquished.

Grand Total: 441 creatures vanquished

Notes
Turn   | Place    | Note
-------+----------+-------------------------------------------
     0 | D:1      | KennyOmg the Minotaur Berserker began the quest for the
                  | Orb.
     0 | D:1      | Reached XP level 1. HP: 19/19 MP: 0/0
   127 | D:1      | Reached XP level 2. HP: 26/27 MP: 1/1
   433 | D:1      | Reached XP level 3. HP: 33/33 MP: 2/2
   919 | D:2      | Found a glowing silver altar of Zin.
  1245 | D:2      | Found a runed translucent door.
  1246 | D:2      | Noticed Crazy Yiuf
  1285 | D:2      | Killed Crazy Yiuf
  1285 | D:2      | Reached ** piety under Trog
  1286 | D:2      | Reached skill level 5 in Axes
  1286 | D:2      | Reached XP level 4. HP: 41/41 MP: 3/3
  1329 | D:2      | Noticed Jessica
  1336 | D:2      | Killed Jessica
  1613 | D:2      | Found a faded altar of an unknown god.
  2269 | D:3      | Reached XP level 5. HP: 47/47 MP: 4/4
  2450 | D:3      | Found a glowing silver altar of Zin.
  2450 | D:3      | Found an iron altar of Okawaru.
  2505 | D:3      | Noticed Grinder
  2514 | D:3      | Killed Grinder
  2515 | D:3      | Reached skill level 5 in Fighting
  2515 | D:3      | Reached XP level 6. HP: 56/56 MP: 5/5
  3805 | D:4      | Reached *** piety under Trog
  3807 | D:4      | Reached skill level 1 in Maces & Flails
  3811 | D:4      | Reached XP level 7. HP: 56/62 MP: 6/6
  3834 | D:4      | Reached skill level 5 in Armour
  4843 | D:5      | Entered Level 5 of the Dungeon
  5110 | D:5      | Reached XP level 8. HP: 66/71 MP: 7/7
  5120 | D:5      | Reached **** piety under Trog
  5160 | D:5      | Reached skill level 5 in Maces & Flails
  5372 | D:5      | Noticed Menkaure
  5383 | D:5      | Killed Menkaure
  5600 | D:5      | Noticed Eustachio
  5640 | D:5      | Killed Eustachio
  6199 | D:5      | Found an ancient bone altar of Kikubaaqudgha.
  6402 | D:6      | Noticed Blork the orc
  6409 | D:6      | Killed Blork the orc
  6427 | D:6      | Noticed Pikel
  6446 | D:5      | Reached XP level 9. HP: 38/78 MP: 8/8
  6897 | D:5      | Killed Pikel
  7415 | D:6      | Noticed Sigmund
  7432 | D:6      | Killed Sigmund
  7459 | D:6      | Identified the ring of Lejaes {rN+ Dex+5}
  7822 | D:6      | Found a sparkling altar of Nemelex Xobeh.
  8193 | D:6      | Reached skill level 10 in Maces & Flails
  8455 | D:7      | Found a staircase to the Ecumenical Temple.
  8561 | D:7      | Noticed Prince Ribbit
  8577 | D:7      | Killed Prince Ribbit
  8703 | D:7      | Reached XP level 10. HP: 39/91 MP: 9/9
  9392 | D:8      | Found a sand-covered staircase.
  9399 | Ossuary  | Entered an ossuary
  9681 | D:8      | Reached ***** piety under Trog
  9693 | D:8      | Reached skill level 1 in Shields
 10388 | D:8      | Noticed Joseph
 10397 | D:8      | Killed Joseph
 10398 | D:8      | Reached skill level 10 in Fighting
 10724 | D:8      | Found a runed translucent door.
 10729 | D:8      | Noticed a tengu warrior
 10858 | D:8      | Found a runed translucent door.
 10988 | D:8      | Noticed a two-headed ogre
 10997 | D:8      | Killed a two-headed ogre
 10999 | D:8      | Reached skill level 10 in Armour
 11011 | D:8      | Noticed a manticore
 11016 | D:8      | Killed a manticore
 11017 | D:8      | Noticed an elephant
 11018 | D:8      | Killed an elephant
 11024 | D:8      | Killed a tengu warrior
 11025 | D:8      | Reached XP level 11. HP: 69/101 MP: 10/10
 11415 | D:9      | Noticed Erolcha
 11421 | D:9      | Killed Erolcha
 12244 | D:9      | Noticed Maggie
 12253 | D:9      | Killed Maggie
 12254 | D:9      | Reached skill level 5 in Shields
 12443 | D:10     | Entered Level 10 of the Dungeon
 12976 | D:10     | Identified the +9 hand axe of the Ninety-Nine Stars
                  | {antimagic, Will++ Int+10 Dex-4}
 13060 | D:10     | Identified the +0 short sword of the Solstice {freeze,
                  | rPois rF+ Dex+4}
 13484 | D:10     | Found a staircase to the Lair.
 13594 | D:10     | Identified the +5 ring mail of Eternal Night {Int+6}
 14904 | D:11     | Received a gift from Trog
 14931 | D:11     | Noticed Harold
 14950 | D:11     | Killed Harold
 14951 | D:11     | Reached XP level 12. HP: 57/111 MP: 3/11
 15107 | D:11     | Noticed Josephine
 15118 | D:11     | Killed Josephine
 15124 | D:11     | Reached skill level 10 in Axes
 16009 | D:11     | Noticed Grum
 16018 | D:11     | Killed Grum
 16192 | D:11     | Found a runed translucent door.
 16194 | D:11     | Noticed DasRunzen's ghost (journeyman NaGl)
 16285 | D:11     | Killed DasRunzen's ghost
 16594 | D:12     | Noticed a boulder beetle
 16611 | D:12     | Killed a boulder beetle
 17369 | D:12     | Found a staircase to the Orcish Mines.
 18646 | D:13     | Found a transporter.
 18646 | D:13     | Noticed a four-headed hydra
 18646 | D:13     | Noticed kuniqs's ghost (journeyman DsBe)
 18646 | D:13     | Noticed a frost giant
 18646 | D:13     | Noticed a centaur warrior
 18647 | D:13     | Noticed a centaur warrior
 18648 | D:13     | Noticed a four-headed hydra
 19006 | D:13     | Found a gate to the Vaults.
 19514 | D:13     | Found a transporter.
 19526 | D:13     | Noticed an eight-headed hydra
 19532 | D:13     | Killed an eight-headed hydra
 19533 | D:13     | Reached XP level 13. HP: 94/119 MP: 3/12
 19618 | D:13     | Found Neroyt's Book Boutique.
 20809 | D:14     | Found a white marble altar of Elyvilon.
 21940 | D:14     | Noticed Agnes
 21958 | D:14     | Killed Agnes
 21959 | D:14     | Reached skill level 10 in Shields
 22721 | D:15     | Entered Level 15 of the Dungeon
 22958 | D:15     | Found a staircase to the Depths.
 22958 | D:15     | Noticed a stone giant
 22971 | D:15     | Killed a stone giant
 23247 | D:15     | HP: 4/123 [freezing wraith[a death knight] (9)]
 23247 | D:15     | Mangled by a freezing wraith

Illustrated notes

Levels and vault maps discovered:
D:1:      dpeg_arrival_tiny_e, layout_loops_ring
D:2:      layout_loops_corners, chequers_ecumenical_altar_simple_redux,
          basic_altar, uniq_crazy_yiuf_cottage, uniq_jessica
D:3:      layout_basic, jmf_multi_god_temple, uniq_grinder
D:4:      layout_loops_cross, st_stairs_10, grunt_ministairs_11,
          hangedman_minor_gate_pass
D:5:      layout_loops_corners, lemuel_zombie_altar_kikubaaqudgha,
          uniq_eustachio, uniq_menkaure
D:6:      layout_loops_ring, nemelex_spade_bored_becter,
          minmay_misc_feat_secret_circle, uniq_pikel, uniq_sigmund,
          uniq_blork_the_orc
D:7:      layout_loops_ring, minmay_temple_entry_arrows, uniq_prince_ribbit1
D:8:      cheibrodos_histonic, layout_loops_ring, nicolae_ossuary_entry_giza,
          uniq_joseph
D:9:      layout_long_grid, uniq_maggie, uniq_erolcha
D:10:     layout_basic, dpeg_oklobed_lair, fountainhead
D:11:     layout_basic, ebering_ghost_reflecting_pool, grunt_decor_resistance,
          grunt_ministairs_6, uniq_harold, uniq_josephine, uniq_grum
D:12:     layout_cave_pods, david_orc_3
D:13:     layout_long_grid, erik_vaults_1, gammafunk_ghost_arena, serial_shops,
          shop_fountains, gauntlet_entry_generic
D:14:     layout_roguey, elyvilon_altar_5, uniq_agnes
D:15:     grunt_enter_depths_snipers, layout_irregular_city,
          nicolae_gozag_cash_rules_everything_around_me

Skill      XL: |  1  2  3  4  5  6  7  8  9 10 11 12 13 |
---------------+----------------------------------------+-----
Axes           | 4 5 6 7 9 12 13 | 13.9
Fighting       | 4 5 6 7 9 10 11 12 13 | 13.6
Armour         | 3 4 5 7 9 10 11 12 13 | 13.4
Maces & Flails | 1 4 7 10 12 13 | 13.0
Shields        | 4 6 8 10 | 10.4
Dodging        | |  2.1

Action                   |  1- 3 |  4- 6 |  7- 9 | 10-12 | 13-15 || total
-------------------------+-------+-------+-------+-------+-------++-------
Melee: Hand axe          |    85 |    99 |       |   381 |   230 ||   795
       Headbutt          |    12 |    23 |   102 |   165 |    64 ||   366
       Whip              |       |    45 |   416 |   150 |       ||   611
       Morningstar       |       |       |       |   163 |     6 ||   169
Invok: Berserk           |     1 |     2 |     3 |     5 |     4 ||    15
       Trog's Hand       |       |     1 |     1 |     3 |     1 ||     6
       Brothers in Arms  |       |       |       |     4 |     3 ||     7
Evoke: Wand              |       |       |       |     7 |       ||     7
  Use: Scroll            |       |       |       |    25 |       ||    25
       Potion            |       |       |       |     2 |       ||     2
 Stab: Sleeping          |     2 |       |       |       |       ||     2
       Distracted        |       |       |       |     2 |       ||     2
Armor: Animal skin       |     4 |       |       |       |       ||     4
       Chain mail        |    25 |    60 |   187 |   291 |    66 ||   629
Dodge: Dodged            |    43 |    68 |   178 |   159 |    45 ||   493
Block: Tower shield      |       |       |       |   553 |   242 ||   795

Table legend: (Time is in decaauts)
 A = Elapsed time spent in this place.
 B = Non-inter-level travel time spent in this place.
 C = Inter-level travel time spent in this place.
 D = Time resting spent in this place.
 E = Time spent auto-exploring this place.
 F = Levels seen in this place.
 G = Mean time per level.
                   A        B        C        D        E       F      G
               +--------+--------+--------+--------+--------+-----+--------+
         Total |  23216 |  22587 |    629 |   7294 |  12336 |  16 | 1451.0 |
       Dungeon |  23032 |  22403 |    629 |   7294 |  12236 |  15 | 1535.5 |
       Ossuary |    183 |    183 |      0 |      0 |    100 |   1 |  183.0 |
               +--------+--------+--------+--------+--------+-----+--------+

Top non-repeatable levels by time:
    D:10: 2462 daAuts
    D:12: 2409 daAuts
     D:5: 2327 daAuts
    D:14: 2244 daAuts
     D:8: 1857 daAuts
    D:11: 1684 daAuts
     D:3: 1668 daAuts
    D:13: 1521 daAuts
     D:2: 1338 daAuts
     D:6: 1182 daAuts
     D:9: 1054 daAuts
     D:4: 1039 daAuts
     D:7: 891 daAuts
     D:1: 817 daAuts
    D:15: 533 daAuts
